 Dungeon Crawl Stone Soup version 0.28-a0-1594-ga885d4b3d6 (webtiles) character file.

Game seed: 15630225718892390154

161 testman the Magician (level 5, 0/38 HPs)
             Began as a Djinni Hedge Wizard on Jan 20, 2022.
             Was a Follower of Dithmenos.
             Slain by an iguana (3 damage)
             ... on level 4 of the Dungeon.
             The game lasted 00:10:28 (4659 turns).

testman the Magician (Djinni Hedge Wizard)          Turns: 4659, Time: 00:10:29

Health: 0/38       AC:  3    Str:  9    XL:     5   Next: 70%
Gold:   165        EV: 12    Int: 18    God:    Dithmenos [*.....] SH:  0 Dex: 12

rFire   + + .      SeeInvis .   p - +2 short sword (elec)
rCold   x . .      Faith    .   (no shield)
rNeg    . . .      Spirit   .   b - +0 robe
rPois   ∞          Reflect  .   a - +0 helmet
rElec   .          Harm     .   (no cloak)
rCorr   +          Rampage  .   (no gloves)
Will    .....                   (boots unavailable)
Stlth   ++........              (no amulet)
HPRegen 0.12/turn               o - ring of resist corrosion
MPRegen 0.00/turn               (no ring)

@: flying, wreathed by umbra
A: sickness immunity, fire resistance 2, cold vulnerability 1, float, innate
caster, hp casting, extra vitality 1
a: Renounce Religion


You were on level 4 of the Dungeon.
You worshipped Dithmenos.
Dithmenos was aware of your devotion.
You visited 1 branch of the dungeon, and saw 4 of its levels.

You collected 165 gold pieces.

Inventory:

Hand Weapons
 p - a +2 short sword of electrocution (weapon)
Missiles
 c - 6 boomerangs
 d - 3 javelins
 j - 7 poisoned darts
 l - 82 stones
Armour
 a - a +0 helmet (worn)
 b - a +0 robe (worn)
Jewellery
 o - a ring of resist corrosion (left hand)
Wands
 f - a wand of iceblast (11)
 n - a wand of flame (26)
Scrolls
 e - a scroll of amnesia
 g - a scroll of identify
Potions
 h - a potion of heal wounds {unknown}
 i - a potion of degeneration {unknown}
 k - a potion of brilliance {unknown}
 m - a potion of haste {unknown}


   Skills:
 + Level 2.2 Fighting
 - Level 2.4 Dodging
 - Level 1.8 Stealth
 + Level 4.0 Spellcasting


You couldn't memorise any spells.
You knew the following spells:

 Your Spells              Type           Power      Damage    Failure   Level
a - Magic Dart            Conj           72%        1d6       2%          1
b - Blink                 Tloc           36%        N/A       4%          2
c - Call Imp              Summ           18%        N/A       4%          2
d - Slow                  Hex            72%        N/A       2%          1
e - Conjure Flame         Conj/Fire      18%        6-21      9%          3
f - Mephitic Cloud        Conj/Pois/Air  18%        N/A       9%          3
g - Sandblast             Erth           36%        2d10      2%          1
h - Ensorcelled Hibernat  Hex/Ice        36%        N/A       4%          2
Your spell library was empty.

Dungeon Overview and Level Annotations

Branches:
Dungeon (4/15)
 Temple: D:4-7

Altars:
Dithmenos
Fedhas

Shops:
D:4 *

Annotations:
D:4 Blork the orc, Dowan, Duvessa


Innate Abilities, Weirdness & Mutations

You are immune to sickness and miasma.
You are immune to poison.
Your flesh is very heat resistant. (rF++)
You are vulnerable to cold. (rC-)
You float through the air rather than walking.
You learn spells naturally, not from books.
Your magical power is your life essence.
You have superior vitality. (+4 MHP)


Message History

The adder bites you. The adder closely misses you.
You hit the adder. Lightning courses through the adder!
You kill the adder!
Dithmenos accepts your kill.
No target in view!
No target in view!
There is a stone staircase leading down here.
You fly downwards.
You hear the hiss of flowing sand.
There is an entrance to an ossuary on this level.
Hurry and find it before the portal is buried!
Level annotation: Blork the orc, Dowan, Duvessa The hiss of flowing sand is almost imperceptible now.
The iguana hisses angrily.
There is a stone staircase leading up here.
You hit the iguana.
The iguana is lightly wounded.
The iguana bites you!
You hit the iguana.
The iguana is moderately wounded.
The iguana bites you!
You are too injured to fight recklessly!
You are too injured to fight recklessly!
You are too injured to fight recklessly!
You closely miss the iguana.
The iguana is moderately wounded.
The iguana bites you.
You barely miss the iguana.
The iguana is lightly wounded.
The walls and floor vibrate strangely for a moment.
The iguana completely misses you.
You hit the iguana but do no damage.
The iguana is lightly wounded.
The iguana hisses menacingly.
The iguana barely misses you.
You hit the iguana.
The iguana is moderately wounded.
The iguana bites you!
* * * LOW HITPOINT WARNING * * *
The iguana bites you.
You die...

#########... #.......#.##
### ##.#...#...## #...
#...#.#..#### ##...
###....∩...#### ......
.......#.#......
.....?#######.#...#.####
..!...l.....#.......####
......(@.........(......
#####.......##..........
###....<......###.####
..!............')#.....
####...........######## #
..............# #.
##.##.###.####.###'##....#
#. ...............
...####### #.
...................#######
#.


You could see an iguana.

Vanquished Creatures
  A hound (D:4)
  An iguana (D:4)
  3 adders
  An adder skeleton (D:4)
  3 worms
  A dart slug (D:2)
  An orc (D:3)
  2 endoplasms
  3 giant cockroaches
  7 goblins
  A hobgoblin (D:2)
  10 jackals
  6 quokkas
  10 ball pythons
  3 bats
  A frilled lizard (D:1)
  3 kobolds
  A rat (D:1)
58 creatures vanquished.

Notes
Turn   | Place    | Note
-------+----------+-------------------------------------------
     0 | D:1      | testman the Djinni Hedge Wizard began the quest for the
                  | Orb.
     0 | D:1      | Reached XP level 1. HP: 15/15 MP: 0/0
   127 | D:1      | Reached XP level 2. HP: 17/21 MP: 0/0
   973 | D:1      | Reached skill level 3 in Spellcasting
   973 | D:1      | Reached XP level 3. HP: 22/25 MP: 0/0
   973 | D:1      | Learned a level 1 spell: Sandblast
   999 | D:1      | Found a faded altar of an unknown god.
  1006 | D:1      | Prayed at the altar of an unknown god.
  1006 | D:1      | Became a worshipper of Dithmenos the Shadowed
  1006 | D:1      | Reached * piety under Dithmenos
  2299 | D:2      | Reached XP level 4. HP: 24/31 MP: 0/0
  2421 | D:3      | Found a shadowy altar of Dithmenos.
  2763 | D:3      | Found a blossoming altar of Fedhas.
  3088 | D:2      | HP: 1/31 [adder (3)]
  4066 | D:4      | Found Loell's Assorted Antiques.
  4131 | D:4      | Reached skill level 1 in Fighting
  4232 | D:4      | Reached XP level 5. HP: 37/37 MP: 0/0
  4232 | D:4      | Learned a level 2 spell: Ensorcelled Hibernation
  4472 | D:4      | Reached skill level 4 in Spellcasting
  4605 | D:4      | Noticed Blork the orc
  4606 | D:4      | Noticed Duvessa
  4606 | D:4      | Noticed Dowan
  4659 | D:4      | Slain by an iguana

Illustrated notes

Levels and vault maps discovered:
D:1:      dpeg_arrival_tiny_b, layout_rooms, dilly_ecumenical_altar_fadedgnrine
D:2:      layout_loops_ring
D:3:      layout_loops_corners, mainiacjoe_overflow_catch_the_wave
D:4:      layout_basic, enter_ossuary_2, serial_shops,
          nicolae_shop_advertising_works [nicolae_subvault_shop_adworks],
          uniq_duvessa, uniq_blork_the_orc

Skill      XL: |  1  2  3  4  5 |
---------------+----------------+-----
Spellcasting   | 3 4 |  4.0
Fighting       | 1 2 |  2.2
Dodging        | |  2.4
Stealth        | |  1.8

Action                   |  1- 3 |  4- 6 || total
-------------------------+-------+-------++-------
Melee: Dagger            |   163 |    83 ||   246
       Punch             |     5 |     3 ||     8
       Short sword       |       |    71 ||    71
 Cast: Magic Dart        |    38 |       ||    38
       Sandblast         |     1 |       ||     1
Evoke: Wand              |       |     3 ||     3
  Use: Scroll            |       |     4 ||     4
 Stab: Sleeping          |     2 |     1 ||     3
       Distracted        |     1 |       ||     1
Armor: Robe              |    29 |    37 ||    66
Dodge: Dodged            |   132 |   127 ||   259

Table legend: (Time is in decaauts)
 A = Elapsed time spent in this place.
 B = Non-inter-level travel time spent in this place.
 C = Inter-level travel time spent in this place.
 D = Time resting spent in this place.
 E = Time spent auto-exploring this place.
 F = Levels seen in this place.
 G = Mean time per level.
                   A        B        C        D        E       F      G
               +--------+--------+--------+--------+--------+-----+--------+
         Total |   4667 |   4568 |     99 |   1182 |   2448 |   4 | 1166.8 |
       Dungeon |   4667 |   4568 |     99 |   1182 |   2448 |   4 | 1166.8 |
               +--------+--------+--------+--------+--------+-----+--------+

Top non-repeatable levels by time:
     D:2: 1610 daAuts
     D:3: 1536 daAuts
     D:1: 1080 daAuts
     D:4: 440 daAuts
